 Dungeon Crawl Stone Soup version 0.29.0-11-gd7f09526c8 (webtiles) character file.

Game seed: 18138960081488235707

71 VictoriousLee the Chiller (level 4, -2/30 HPs)
             Began as a Barachi Ice Elementalist on Sept 4, 2022.
             Slain by a phantom (5 damage)
             ... on level 4 of the Dungeon.
             The game lasted 00:13:21 (2895 turns).

VictoriousLee the Chiller (BaIE)                    Turns: 2895, Time: 00:13:21

Health: -2/30      AC:  3    Str:  9    XL:     4   Next: 24%
Magic:  4/8        EV: 12    Int: 18    God:
Gold:   182        SH:  0    Dex: 12    Spells: 2/9 levels left

rFire   . . .      SeeInvis .   k - staff of cold
rCold   + . .      Faith    .   (no shield)
rNeg    . . .      Spirit   .   a - +1 robe
rPois   .          Reflect  .   (no helmet)
rElec   .          Harm     .   (no cloak)
rCorr   .          Rampage  .   (no gloves)
Will    .....                   (no boots)
Stlth   ++........              (no amulet)
HPRegen 0.10/turn               (no ring)
MPRegen 0.11/turn               (no ring)

@: about to teleport, unable to hop, slow
A: amphibious, slowness 1, strong legs 1, +LOS
a: Hop


You were on level 4 of the Dungeon.
You visited 1 branch of the dungeon, and saw 4 of its levels.

You collected 182 gold pieces.

Inventory:

Hand Weapons
 e - a +0 club
 h - a +1 mace
Armour
 a - a +1 robe (worn)
 p - a +0 scale mail
 y - the +0 chain mail of Hospitality {rElec Int+4}
   (You found it on level 3 of the Dungeon)

   Int:       It affects your intelligence (+4).
   rElec:     It insulates you from electricity.
Magical Staves
 d - a staff of earth
 k - a staff of cold (weapon)
 A - a staff of conjuration
Jewellery
 j - an amulet of faith
 m - the amulet "Akkit" {Faith SInv}
   (You found it on level 3 of the Dungeon)

   [amulet of faith]

   It allows you to gain divine favour quickly.
   SInv:      It lets you see invisible.
 r - a +4 ring of slaying
 t - a +6 ring of intelligence
Scrolls
 g - a scroll of fear
 i - a scroll of enchant armour
 l - 2 scrolls of teleportation
 n - a scroll of magic mapping
 s - a scroll of butterflies
 w - 2 scrolls of immolation
 x - a scroll of blinking {unknown}
 z - a scroll of enchant weapon
 B - a scroll of poison {unknown}
Potions
 c - 2 potions of flight
 f - 2 potions of mutation
 o - 2 potions of heal wounds {unknown}
 q - 2 potions of brilliance {unknown}
 u - a potion of curing {unknown}


   Skills:
 - Level 2.1 Dodging
 - Level 1.7 Stealth
 - Level 3.0 Spellcasting
 + Level 6.3 Ice Magic


You had 2 spell levels left.
You knew the following spells:

 Your Spells              Type           Power      Damage    Failure   Level
a - Freeze                Ice            100%       1d11      1%          1
b - Ozocubu's Armour      Ice            38%        N/A       3%          3
f - Frozen Ramparts       Ice            76%        1d12      3%          3

Your spell library contained the following spells:

 Spells                   Type           Power      Damage    Failure   Level
 Apportation              Tloc           4%         N/A       16%         1
 Hailstorm                Conj/Ice       21%        3d6       41%         4
 Alistair's Intoxication  Tmut/Pois      1%         N/A       99%         5


Dungeon Overview and Level Annotations

Branches:
Dungeon (4/15)
 Temple: D:4-7

Altars:

Shops:
D:1 =


Innate Abilities, Weirdness & Mutations

You are amphibious.
You cover ground slowly.
You can hop short distances.
You have an extended range of vision and can be seen from far away.


Message History

The walls around you are covered in ice.
The phantom resists.
The wall freezes the phantom.
The phantom hits you!
The wall freezes the giant cockroach.
You kill the giant cockroach!
The phantom resists.
The wall freezes the phantom.
The phantom hits you but does no damage.
The phantom resists.
The wall freezes the phantom.
The phantom hits you.
The phantom blinks!
You blink.
The frozen ramparts melt away as you move.
The phantom attacks as you move away! The phantom hits you.
* * * LOW HITPOINT WARNING * * *
The phantom attacks as you move away!
The phantom hits you but does no damage. x2
Hop to where?
Press: ? - help, Dir - move target Boing!
Casting: Frozen Ramparts (dangerous; 3% risk of failure)
Confirm with . or Enter, or press ? or * to list all spells.
Casting: Frozen Ramparts (dangerous; 3% risk of failure)
Press: ? - help, Dir - look around, f - activate You feel a surge of power!
The walls around you are covered in ice.
The phantom resists.
The wall freezes the phantom.
The wall freezes the phantom but does no damage.
The phantom misses you.
The phantom completely resists.
The wall freezes the phantom but does no damage.
The phantom hits you but does no damage.
The phantom completely resists.
The wall freezes the phantom but does no damage.
The phantom hits you but does no damage.
The phantom resists.
The wall freezes the phantom.
The phantom hits you.
* * * LOW HITPOINT WARNING * * *
The phantom blinks!
You blink.
The frozen ramparts melt away as you move.
Okay, then.
Okay, then.
As you read the scroll of teleportation, it crumbles to dust.
You feel strangely unstable. The phantom hits you.
You die...

### ... #.. #.# #.#
..# ####.#
####..W.#####.#####
#....@............#
#.##.############.#
#.##........> ##
#.##.######## ..#
#.##.#
#.#########.##.#
###...†...†..##.#
.#.############.#
#...##########...


You could see a phantom.

Vanquished Creatures
  3 worms
  2 ball pythons (D:1)
  6 endoplasms
  6 giant cockroaches
  5 goblins
  3 hobgoblins
  7 jackals (D:2)
  8 kobolds
  4 quokkas
  4 bats (D:1)
  A frilled lizard (D:1)
  3 rats
  A spectral goblin (D:3)
53 creatures vanquished.

Notes
Turn   | Place    | Note
-------+----------+-------------------------------------------
     0 | D:1      | VictoriousLee the Barachi Ice Elementalist began the quest
                  | for the Orb.
     0 | D:1      | Reached XP level 1. HP: 13/13 MP: 3/3
    35 | D:1      | Reached skill level 5 in Ice Magic
    91 | D:1      | Reached XP level 2. HP: 13/19 MP: 1/5
   944 | D:1      | Found Binkobasi's Jewellery Emporium.
  1058 | D:1      | Reached XP level 3. HP: 24/24 MP: 4/6
  1064 | D:1      | Learned a level 3 spell: Frozen Ramparts
  1219 | D:1      | Reached skill level 6 in Ice Magic
  2327 | D:3      | Found a faded altar of an unknown god.
  2453 | D:3      | Identified the amulet "Akkit" {Faith SInv}
  2523 | D:3      | Reached XP level 4. HP: 30/30 MP: 6/8
  2700 | D:3      | Identified the +0 chain mail of Hospitality {rElec Int+4}
  2817 | D:3      | Learned a level 3 spell: Ozocubu's Armour
  2873 | D:4      | Noticed a phantom
  2895 | D:4      | Slain by a phantom

Illustrated notes

Levels and vault maps discovered:
D:1:      nzn_arrival_settlement, layout_loops_ring, serial_shops, shop,
          minmay_pentomino_u4
D:2:      layout_basic
D:3:      minmay_spotlight, layout_rooms,
          dreamdust_ecumenical_altar_drowned_temple, kennysheep_doodads
D:4:      layout_loops_ring, minmay_temple_entry_crystal_x

Skill      XL: |  1  2  3  4 |
---------------+-------------+-----
Ice Magic      | 5 6 |  6.3
Spellcasting   | 3 |  3.0
Dodging        | |  2.1
Stealth        | |  1.7

Action                   |  1- 3 |  4- 6 || total
-------------------------+-------+-------++-------
Melee: Staff             |    46 |     5 ||    51
 Cast: Freeze            |    49 |     5 ||    54
       Frozen Ramparts   |       |     7 ||     7
 Abil: Hop               |       |     1 ||     1
  Use: Scroll            |     8 |     3 ||    11
       Potion            |       |     1 ||     1
 Stab: Sleeping          |     1 |       ||     1
Armor: Robe              |    23 |     8 ||    31
Dodge: Dodged            |    68 |     6 ||    74
